3053 views
Uploaded 2020-03-26 00:54:09
Game version 1.32.3
11:02 long 2on2 ladder game on (4)TwistedMeadows
Saved by Gahzeera
3053 views
Uploaded 2020-03-26 00:54:09
Game version 1.32.3
11:02 long 2on2 ladder game on (4)TwistedMeadows


34 units @ 4.9k
/ 0.4k
20 buildings @ 3.3k
/ 1k

| Rod of Necromancy | 1 | 150 |
| total: | 1 | 150g |
| Acolyte | 2 | 150 | / | 0 |
| Ghoul | 6 | 720 | / | 0 |
| Crypt Fiend | 8 | 1720 | / | 320 |
| total: | 16 | 2590g | / | 320w |
| Nerubian Tower | 1 | 100 | / | 20 |
| Altar of Darkness | 1 | 180 | / | 50 |
| Ziggurat | 3 | 450 | / | 150 |
| Crypt | 1 | 200 | / | 50 |
| Graveyard | 1 | 215 | / | 0 |
| Tomb of Relics | 2 | 260 | / | 60 |
| Slaughterhouse | 1 | 140 | / | 135 |
| Temple of the Damned | 1 | 155 | / | 140 |
| Halls of the Dead | 1 | 320 | / | 210 |
| total: | 10 | 1600g | / | 585w |
| 0:05 | Acolyte |
| 0:05 | Acolyte |
| 0:08 | Altar of Darkness |
| 0:14 | Ziggurat |
| 0:34 | Crypt |
| 1:40 | Ghoul |
| 1:40 | Ghoul |
| 2:11 | Death Coil |
| 2:27 | Ghoul |
| 3:42 | Nerubian Tower |
| 4:17 | Ghoul |
| 4:17 | Ghoul |
| 4:18 | Ghoul |
| 4:36 | Graveyard |
| 4:44 | Tomb of Relics |
| 5:10 | Tomb of Relics |
| 6:09 | Crypt Fiend |
| 6:09 | Crypt Fiend |
| 6:10 | Crypt Fiend |
| 6:17 | Ziggurat |
| 7:17 | Halls of the Dead |
| 8:10 | Crypt Fiend |
| 8:10 | Crypt Fiend |
| 9:39 | Crypt Fiend |
| 9:39 | Crypt Fiend |
| 9:39 | Crypt Fiend |
| 9:46 | Ziggurat |
| 9:58 | Slaughterhouse |
| 10:09 | Temple of the Damned |
| 10:45 | Rod of Necromancy |
| Right click | 699 |
| Select | 80 |
| Build/train/purchase | 21 |
| Use ability | 7 |


| Potion of Healing | 1 | 150 |
| Potion of Mana | 2 | 400 |
| Healing Salve | 1 | 100 |
| Scroll of Speed | 1 | 50 |
| total: | 5 | 700g |
| Peon | 8 | 600 | / | 0 |
| Grunt | 5 | 1000 | / | 0 |
| Troll Headhunter | 5 | 700 | / | 100 |
| total: | 18 | 2300g | / | 100w |
| Altar of Storms | 1 | 180 | / | 50 |
| Orc Burrow | 6 | 960 | / | 240 |
| Barracks | 1 | 180 | / | 50 |
| Voodoo Lounge | 1 | 130 | / | 30 |
| War Mill | 1 | 205 | / | 0 |
| Stronghold | 1 | 315 | / | 190 |
| total: | 10 | 1655g | / | 370w |
| 0:04 | Peon |
| 0:04 | Peon |
| 0:06 | Altar of Storms |
| 0:17 | Orc Burrow |
| 0:22 | Peon |
| 0:38 | Barracks |
| 0:55 | Peon |
| 1:06 | Peon |
| 1:22 | Peon |
| 1:27 | Orc Burrow |
| 1:42 | Grunt |
| 1:57 | Voodoo Lounge |
| 2:04 | Peon |
| 2:09 | Wind Walk |
| 2:21 | Peon |
| 2:24 | Grunt |
| 3:37 | Grunt |
| 3:39 | Stronghold |
| 3:42 | Orc Burrow |
| 4:44 | Grunt |
| 4:45 | Grunt |
| 4:49 | War Mill |
| 6:39 | Orc Burrow |
| 6:40 | Orc Burrow |
| 6:55 | Berserker Strength |
| 6:56 | Steel Melee Weapons |
| 7:00 | Critical Strike |
| 7:22 | Orc Burrow |
| 8:14 | Potion of Healing |
| 8:14 | Potion of Mana |
| 8:35 | Troll Headhunter |
| 8:35 | Troll Headhunter |
| 9:25 | Troll Headhunter |
| 9:25 | Troll Headhunter |
| 9:25 | Troll Headhunter |
| 9:29 | Healing Salve |
| 9:31 | Healing Wave |
| 9:49 | Steel Ranged Weapons |
| 9:52 | Scroll of Speed |
| 10:27 | Potion of Mana |
| Right click | 624 |
| Select | 161 |
| Build/train/purchase | 46 |
| Use ability | 7 |
| Assign group | 1 |
| Remove unit | 1 |
50 units @ 4.9k
/ 0.8k
24 buildings @ 4k
/ 1.6k


| Staff of Preservation | 1 | 150 |
| Boots of Speed | 1 | 250 |
| Staff of Teleportation | 1 | 150 |
| total: | 3 | 550g |
| Wisp | 17 | 1020 | / | 0 |
| Dryad | 6 | 870 | / | 360 |
| Mountain Giant | 1 | 350 | / | 100 |
| total: | 24 | 2240g | / | 460w |
| Altar of Elders | 3 | 540 | / | 150 |
| Moon Well | 5 | 900 | / | 200 |
| Ancient of War | 2 | 300 | / | 120 |
| Hunter's Hall | 1 | 210 | / | 100 |
| Ancient of Wonders | 1 | 90 | / | 30 |
| Ancient of Lore | 2 | 310 | / | 290 |
| Tree of Ages | 2 | 640 | / | 360 |
| Tree of Eternity | 2 | 660 | / | 400 |
| total: | 14 | 2350g | / | 890w |
| 0:03 | Wisp |
| 0:03 | Wisp |
| 0:05 | Altar of Elders |
| 0:08 | Altar of Elders |
| 0:11 | Altar of Elders |
| 0:18 | Moon Well |
| 0:21 | Wisp |
| 0:22 | Wisp |
| 0:22 | Wisp |
| 0:33 | Wisp |
| 0:41 | Ancient of War |
| 0:44 | Wisp |
| 0:52 | Wisp |
| 0:53 | Wisp |
| 1:04 | Wisp |
| 1:05 | Wisp |
| 1:33 | Wisp |
| 1:34 | Wisp |
| 1:55 | Wisp |
| 2:16 | Mana Burn |
| 2:16 | Wisp |
| 2:18 | Ancient of War |
| 2:21 | Hunter's Hall |
| 2:23 | Wisp |
| 2:23 | Wisp |
| 3:11 | Moon Well |
| 3:12 | Moon Well |
| 3:17 | Ancient of Wonders |
| 3:19 | Tree of Ages |
| 3:52 | Moon Well |
| 4:59 | Boots of Speed |
| 4:59 | Staff of Teleportation |
| 5:48 | Ancient of Lore |
| 5:51 | Ancient of Lore |
| 6:19 | Staff of Preservation |
| 6:29 | Tree of Eternity |
| 6:45 | Entangling Roots |
| 7:05 | Dryad |
| 7:18 | Druid of the Claw Adept Training |
| 7:19 | Abolish Magic |
| 7:45 | Dryad |
| 8:24 | Dryad |
| 8:25 | Dryad |
| 9:12 | Dryad |
| 9:12 | Dryad |
| 9:16 | Moon Well |
| 9:33 | Evasion |
| 9:44 | Druid of the Claw Master Training |
| 9:46 | Hardened Skin |
| 10:50 | Mountain Giant |
| Right click | 860 |
| Select group | 337 |
| Select | 157 |
| Chat | 120 |
| Build/train/purchase | 65 |
| Use ability | 37 |
| Assign group | 22 |
| Minimap ping | 12 |
| Misc. action | 7 |
| Esc | 6 |
| Item give/drop | 1 |

| Potion of Healing | 1 | 150 |
| Potion of Mana | 1 | 200 |
| Dust of Appearance | 1 | 75 |
| Scroll of Town Portal | 1 | 350 |
| total: | 4 | 775g |
| Wisp | 11 | 660 | / | 0 |
| Archer | 11 | 1430 | / | 110 |
| Dryad | 4 | 580 | / | 240 |
| total: | 26 | 2670g | / | 350w |
| Altar of Elders | 1 | 180 | / | 50 |
| Moon Well | 4 | 720 | / | 160 |
| Ancient of War | 1 | 150 | / | 60 |
| Ancient of Wonders | 1 | 90 | / | 30 |
| Hunter's Hall | 1 | 210 | / | 100 |
| Ancient of Lore | 2 | 310 | / | 290 |
| Tree of Ages | 1 | 320 | / | 180 |
| Tree of Eternity | 1 | 330 | / | 200 |
| total: | 10 | 1660g | / | 690w |
| 0:03 | Wisp |
| 0:12 | Altar of Elders |
| 0:14 | Wisp |
| 0:23 | Moon Well |
| 0:27 | Wisp |
| 0:37 | Wisp |
| 0:39 | Wisp |
| 1:08 | Ancient of War |
| 1:11 | Wisp |
| 1:26 | Wisp |
| 1:34 | Moon Well |
| 1:39 | Wisp |
| 1:45 | Ancient of Wonders |
| 1:49 | Wisp |
| 1:50 | Wisp |
| 2:17 | Entangling Roots |
| 2:22 | Archer |
| 2:32 | Archer |
| 2:34 | Wisp |
| 3:06 | Archer |
| 3:15 | Tree of Ages |
| 3:17 | Archer |
| 3:48 | Archer |
| 4:31 | Dust of Appearance |
| 4:41 | Archer |
| 4:50 | Moon Well |
| 4:52 | Moon Well |
| 5:23 | Hunter's Hall |
| 6:03 | Archer |
| 6:05 | Force of Nature |
| 6:28 | Archer |
| 6:40 | Potion of Healing |
| 6:41 | Potion of Mana |
| 6:56 | Improved Bows |
| 7:00 | Ultravision |
| 7:01 | Strength of the Moon |
| 7:04 | Ancient of Lore |
| 7:07 | Ancient of Lore |
| 7:15 | Scroll of Town Portal |
| 7:25 | Archer |
| 8:14 | Archer |
| 9:24 | Archer |
| 9:29 | Dryad |
| 9:30 | Abolish Magic |
| 9:31 | Tree of Eternity |
| 9:34 | Strength of the Wild |
| 9:38 | Force of Nature |
| 9:58 | Dryad |
| 10:18 | Dryad |
| 10:48 | Dryad |
| Right click | 484 |
| Select group | 172 |
| Select | 86 |
| Misc. action | 70 |
| Build/train/purchase | 50 |
| Assign group | 20 |
| Use ability | 18 |
| Chat | 14 |
โ